 Dungeon Crawl Stone Soup version 0.29.1-15-g9cfb28693d (webtiles) character file.

Game seed: 4313013018171601706

4165 GeoRichter the Frost Mage (level 10, -1/99 HPs)
             Began as a Tengu Fire Elementalist on Mar 16, 2023.
             Was a Priest of Ashenzari.
             Slain by a soul eater (18 damage)
             ... on level 9 of the Dungeon.
             The game lasted 00:18:27 (9709 turns).

GeoRichter the Frost Mage (Tengu Fire Elementalist) Turns: 9709, Time: 00:18:28

Health: -1/99      AC:  5    Str:  9    XL:     10   Next: 28%
Magic:  0/21       EV: 17    Int: 25    God:    Ashenzari [***...]
Gold:   316        SH:  0    Dex: 15    Spells: 16/22 levels left

rFire   . . .      SeeInvis +   w - +3 dagger of the Eye in the Sky {vorpal, rPois Int+6, Alch, Self} (curse)
rCold   + . .      Faith    .   (no shield)
rNeg    . . .      Spirit   +   z - +2 robe "Oscillating Fan" {Will+, Alch, Fort} (curse)
rPois   +          Reflect  .   (helmet restricted)
rElec   .          Harm     +   x - +0 cloak of Ashenzari's Burden {Range, Melee} (curse)
rCorr   +          Rampage  .   (no gloves)
Will    ++...      Clarity  +   (boots unavailable)
Stlth   ..........              c - amulet of Qoxuz {Spirit Harm rC+ Will+}
HPRegen 0.26/turn               l - ring of the Circumscribed Sun {rCorr, Bglg, Elem} (curse)
MPRegen 0.17/turn               (no ring)

@: berserking, flying quickly and evasively, very quick
A: beak, talons 3, nimble flight
a: Renounce Religion, Shatter the Chains


You were on level 9 of the Dungeon.
You worshipped Ashenzari.
Ashenzari was most pleased with you.
You visited 2 branches of the dungeon, and saw 10 of its levels.

You collected 470 gold pieces.
You spent 154 gold pieces at shops.

Inventory:

Hand Weapons
 w - the cursed +3 dagger of the Eye in the Sky (weapon) {vorpal, rPois Int+6, Alch, Self}
   (You bought it in a shop on level 1 of the Dungeon)

   It inflicts extra damage upon your enemies.
   Int:       It affects your intelligence (+6).
   rPois:     It protects you from poison.
   It has a curse which improves the following skills: Alchemy: Poison Magic and
   Transmutations.
   Introspection: Fighting and Spellcasting.
 A - a +2 demon whip of venom
   (You found it on level 6 of the Dungeon)
Armour
 a - the +1 scale mail "Luihuof" {rElec rCorr Dex+4}
   (You acquired it on level 9 of the Dungeon)

   Dex:       It affects your dexterity (+4).
   rElec:     It insulates you from electricity.
   rCorr:     It protects you from acid and corrosion.
 x - the cursed +0 cloak of Ashenzari's Burden (worn) {Range, Melee}
   (You found it on level 4 of the Dungeon)

   It has a curse which improves the following skills: Ranged Combat: Ranged
   Weapons and Throwing.
   Melee Combat: Short Blades, Long Blades, Axes, Maces & Flails, Polearms,
   Staves and Unarmed Combat.
 z - the cursed +2 robe "Oscillating Fan" (worn) {Will+, Alch, Fort}
   (You took it off Blork the orc on level 6 of the Dungeon)

   It has a curse which improves the following skills: Alchemy: Poison Magic and
   Transmutations.
   Fortitude: Armour and Shields.
Jewellery
 c - the amulet of Qoxuz (around neck) {Spirit Harm rC+ Will+}
   (You acquired it on level 5 of the Dungeon)

   [amulet of guardian spirit]

   It causes incoming damage to be divided between your reserves of health and
   magic.
   rC:        It protects you from cold.
   Harm:      It increases damage dealt and taken.
   Will:      It increases your willpower.
 l - the cursed ring of the Circumscribed Sun (left hand) {rCorr, Bglg, Elem}
   (You found it on level 2 of the Dungeon)

   [ring of resist corrosion]

   rCorr:     It protects you from acid and corrosion.
   It has a curse which improves the following skills: Beguiling: Conjurations,
   Hexes and Translocations.
   Elements:  Fire Magic, Ice Magic, Air Magic and Earth Magic.
 o - a ring of protection from fire
   (You found it on level 8 of the Dungeon)
Wands
 k - a wand of polymorph (2)
   (You took it off Maurice on level 8 of the Dungeon)
Scrolls
 b - a scroll of magic mapping
 d - a scroll of vulnerability {!r}
 h - 2 scrolls of amnesia
 i - a scroll of poison
 j - a scroll of fog
 m - 2 scrolls of teleportation {@r4}
 u - a scroll of summoning
 y - a scroll of blinking
Potions
 f - 3 potions of curing {@q1}
 g - a potion of invisibility
 n - a potion of heal wounds {@q2}
 q - a potion of attraction {!q}
 r - 3 potions of lignification {!q}
 t - 3 potions of mutation {!q}
 v - a potion of resistance


   Skills:
 * Level 7.9(9.5) Fighting
 + Level 2.2(3.5) Armour
 - Level 5.9 Dodging
 - Level 2.0 Stealth
 - Level 5.3(6.9) Spellcasting
 - Level 4.0(5.5) Conjurations
 - Level 3.9(5.4) Fire Magic
 - Level 8.0(9.6) Ice Magic


You had 16 spell levels left.
You knew the following spells:

 Your Spells              Type           Power      Damage    Failure   Level
a - Foxfire               Conj/Fire      100%       2x1d9     1%          1
b - Scorch                Fire           70%        2d8       1%          2
c - Frozen Ramparts       Ice            100%       1d16      1%          3

Your spell library contained the following spells:

 Spells                   Type           Power      Damage    Failure   Level
 Freeze                   Ice            100%       1d11      1%          1
 Conjure Flame            Conj/Fire      36%        6-21      2%          3
 Hailstorm                Conj/Ice       46%        3d11      3%          4
 Inner Flame              Hex/Fire       22%        N/A       6%          3
 Flame Wave               Conj/Fire      36%        2d10      7%          4
 Blink                    Tloc           18%        N/A       10%         2
 Manifold Assault         Tloc           9%         N/A       86%         5
 Storm Form               Tmut/Air       4%         N/A       100%        7


Dungeon Overview and Level Annotations

Branches:
Dungeon (9/15) Zot: 26493  Temple (1/1) D:4 Zot: 5746
   Lair: D:8-11         Orc: D:9-12

Altars:
Ashenzari
Dithmenos
Elyvilon
Fedhas
Gozag
Hepliaklqana
Kikubaaqudgha
Makhleb
Nemelex Xobeh
Okawaru
Qazlal
Ru
Sif Muna
Uskayaw
Vehumet
Wu Jian
Xom
Zin
The Shining One

Shops:
D:1 (   D:5 (

Annotations:
D:6 2 transporters, playerpeter1231's ghost, novice DsNe
D:8 3 runed translucent doors, P0WERM0DE's ghost, novice PaAr


Innate Abilities, Weirdness & Mutations

You have a beak for a mouth.
You have claws for feet.
Your magical nature lets you fly swiftly and evasively.


Message History

You conjure some foxfire!
The foxfire hits the soul eater but does no damage.
The foxfire hits the soul eater.
Flames lash the soul eater.
The soul eater's fire resistance burns away.
The foxfire hits the soul eater but does no damage.
The foxfire hits the soul eater!
The soul eater is burned terribly!
Flames lash the soul eater.
The soul eater is burned terribly!
The soul eater draws from the surrounding life force!
The soul eater is healed.
Flames lash the soul eater.
The soul eater is burned terribly!
Flames lash the soul eater but do no damage.
The soul eater misses you.
Flames lash the soul eater but do no damage.
The soul eater hits you!
Flames lash the soul eater.
The soul eater is burned terribly!
The soul eater hits you!
* * * LOW HITPOINT WARNING * * *
Okay, then.
You can't unwield your weapon to draw a new one!
Unknown command.
Unknown command.
Okay, then.
A red film seems to cover your vision as you go berserk!
You feel yourself moving faster!
You feel mighty! The soul eater barely misses you.
You hit the soul eater but do no damage.
You claw the soul eater!
You hit the soul eater but do no damage.
You claw the soul eater, but do no damage.
Your peck misses the soul eater.
The soul eater draws from the surrounding life force!
* * * LOW HITPOINT WARNING * * *
The soul eater is healed.
Unknown command.
You hit the soul eater but do no damage.
Your kick misses the soul eater.
You peck the soul eater, but do no damage.
You punch the soul eater! The soul eater hits you!
* * * LOW HITPOINT WARNING * * *
You hit the soul eater. Your kick misses the soul eater.
Unknown command.
You completely miss the soul eater.
You claw the soul eater, but do no damage.
You peck the soul eater, but do no damage.
The soul eater completely misses you.
Unknown command.
You puncture the soul eater! Your kick misses the soul eater.
The soul eater hits you!
You die...

* #.## #.# #.#
#####'#### #.#
#........# ####<###
#.<......# .......#
###).......#
......)####.').......#
............#........#
...>...######........#
.......# #...@....#
#####.## ####3#####
#.# #.# #.#* #.# #. *
#)# * * ## #.# , * #.#
* ♣.. *


You could see a soul eater (combustible).

Vanquished Creatures
  Erolcha (D:9)
  Maurice (D:8)
  An ice devil (D:9)
  A hornet (D:9)
  A water moccasin (D:6)
  Duvessa (D:6)
  An ogre (D:5)
  4 centaurs
  3 phantoms
  Blork the orc (D:6)
  2 kobold brigands
  A scorpion (D:7)
  A bullfrog (D:9)
  2 jellies
  7 wights
  Dowan (D:6)
  5 killer bees (D:9)
  2 howler monkeys
  7 orc priests
  7 hounds
  3 iron imps (D:5)
  2 orc wizards
  8 gnolls
  5 adders
  A shadow imp (D:6)
  A white imp (D:8)
  2 ufetubi
  A worm (D:5)
  2 dart slugs (D:1)
  25 orcs
  6 ball pythons
  9 bats
  6 endoplasms
  3 giant cockroaches
  6 goblins
  3 hobgoblins
  4 jackals
  2 quokkas
  4 frilled lizards
  20 kobolds
  6 rats
169 creatures vanquished.

Vanquished Creatures (collateral kills)
  A foxfire (D:1)
1 creature vanquished.

Vanquished Creatures (others)
  2 demonic plants (D:9)
  408 foxfires
  19 plants
429 creatures vanquished.

Grand Total: 599 creatures vanquished

Notes
Turn   | Place    | Note
-------+----------+-------------------------------------------
     0 | D:1      | GeoRichter the Tengu Fire Elementalist began the quest for
                  | the Orb.
     0 | D:1      | Reached XP level 1. HP: 10/10 MP: 4/4
   154 | D:1      | Found a faded altar of an unknown god.
   254 | D:1      | Reached XP level 2. HP: 9/15 MP: 0/6
   436 | D:1      | Found Gadad's Antique Weapon Boutique.
   816 | D:1      | Reached XP level 3. HP: 19/19 MP: 3/7
  1140 | D:2      | Learned a level 2 spell: Scorch
  1511 | D:2      | Reached XP level 4. HP: 24/24 MP: 2/8
  1865 | D:2      | Learned a level 3 spell: Frozen Ramparts
  2350 | D:3      | Identified the +6 chain mail "Icejyitoo" {rCorr Str+3
                  | Stlth+}
  2364 | D:3      | Reached skill level 1 in Ice Magic
  2381 | D:3      | Gained mutation: Your magical nature lets you fly swiftly
                  | and evasively. [Tengu growth]
  2381 | D:3      | Reached XP level 5. HP: 23/28 MP: 3/9
  2471 | D:3      | Reached skill level 2 in Ice Magic
  2870 | D:3      | Found a shimmering blue altar of Sif Muna.
  3325 | D:1      | Bought a masterwork dagger for 154 gold pieces
  3325 | D:1      | Identified the +3 dagger of Tenacity {vorpal, rPois Int+6}
                  | (You bought it in a shop on level 1 of the Dungeon)
  3418 | D:4      | Identified the +3 whip of the Pariah {antimagic, Dex+2}
  3572 | D:4      | Reached skill level 3 in Ice Magic
  3664 | D:4      | Reached XP level 6. HP: 32/32 MP: 3/10
  3934 | D:4      | Reached skill level 4 in Ice Magic
  4251 | D:4      | Found a staircase to the Ecumenical Temple.
  4399 | Temple   | Entered the Ecumenical Temple
  4660 | Temple   | Became a worshipper of Ashenzari the Shackled
  4722 | D:5      | Entered Level 5 of the Dungeon
  5033 | D:5      | Reached skill level 5 in Ice Magic
  5120 | D:5      | Reached XP level 7. HP: 36/36 MP: 0/11
  5387 | D:5      | Reached skill level 6 in Ice Magic
  5474 | D:5      | Found a burning altar of Makhleb.
  5694 | D:5      | Found Ycloom's Weapon Emporium.
  5749 | D:6      | Noticed Blork the orc
  5753 | D:6      | Killed Blork the orc
  5844 | D:5      | Identified a scroll of acquirement
  5845 | D:5      | Acquired the amulet of Qoxuz {Spirit Harm rC+ Will+}
  5856 | D:6      | Reached skill level 7 in Ice Magic
  5856 | D:6      | Reached XP level 8. HP: 37/41 MP: 5/12
  5922 | D:6      | Noticed Duvessa
  5924 | D:6      | Noticed Dowan
  5927 | D:6      | Killed Duvessa
  5930 | D:6      | Killed Dowan
  6081 | D:6      | Reached skill level 8 in Ice Magic
  6119 | D:6      | Found a hide-covered altar of Uskayaw.
  6176 | D:6      | Found a transporter.
  6281 | D:6      | Found a shimmering altar of Xom.
  6395 | D:6      | Reached skill level 1 in Fighting
  6451 | D:6      | Found a blossoming altar of Fedhas.
  6671 | D:6      | Identified the +4 spear of the Distant Future {chaos, rC+
                  | rCorr}
  6671 | D:6      | Identified the +0 buckler "Piemopn" {Regen+ Int+5 Slay+3
                  | SInv}
  6697 | D:6      | Noticed playerpeter1231's ghost (novice DsNe)
  6720 | D:6      | Found a transporter.
  6869 | D:6      | Reached * piety under Ashenzari
  7709 | D:7      | Reached ** piety under Ashenzari
  8052 | D:7      | Reached XP level 9. HP: 52/52 MP: 13/17
  8077 | D:8      | Noticed Maurice
  8083 | D:8      | Killed Maurice
  8413 | D:8      | Reached skill level 5 in Fighting
  8575 | D:8      | Reached *** piety under Ashenzari
  8581 | D:8      | Found a runed translucent gate.
  8582 | D:8      | Found a runed translucent gate.
  8584 | D:8      | Found a runed translucent gate.
  8584 | D:8      | Noticed P0WERM0DE's ghost (novice PaAr)
  8584 | D:8      | Noticed a kobold demonologist
  8585 | D:8      | Noticed a boulder beetle
  9124 | D:8      | Found a glowing silver altar of Zin.
  9125 | D:8      | Found an opulent altar of Gozag.
  9201 | D:9      | Noticed Erolcha
  9212 | D:9      | Reached skill level 5 in Dodging
  9216 | D:9      | Killed Erolcha
  9217 | D:9      | Reached skill level 5 in Spellcasting
  9217 | D:9      | Reached XP level 10. HP: 47/65 MP: 6/21
  9390 | D:9      | Acquired the +1 scale mail "Luihuof" {rElec rCorr Dex+4}
  9448 | D:9      | Reached skill level 1 in Armour
  9690 | D:9      | Noticed a soul eater
  9709 | D:9      | Slain by a soul eater

Illustrated notes

Levels and vault maps discovered:
D:1:      amcnicky_arrival_gap_in_the_tavern_cellar, layout_basic,
          hellmonk_ecumenical_altar_zigzags, serial_shops, shop,
          nicolae_grassy_gnolls
D:2:      layout_rooms, amcnicky_mini_corridor_feature
D:3:      layout_basic, amcnicky_altar_gilded
D:4:      layout_loops_ring, temple_hall
D:5:      layout_rooms, demons_altar, serial_shops, kennysheep_mini_moat
D:6:      layout_cave_pods, mainiacjoe_overflow_six_doors_small,
          lemuel_round_altar, mainiacjoe_overflow_paths,
          gammafunk_ghost_gnarly_gnolls, uniq_blork_the_orc, uniq_duvessa
D:7:      layout_loops_corners, minmay_tree_intersection
D:8:      cheibrodos_quashed, layout_basic,
          grunt_temple_overflow_gold_and_silver, gammafunk_ghost_split,
          corner_web_ring, uniq_maurice
D:9:      layout_roguey, cheibriados_altar_2, orc_david_3, serial_demonic,
          serial_demonic_e, serial_demonic_e, serial_demonic_a,
          serial_demonic_c, uniq_erolcha
Temple:   hc_temple_tempest_star

Skill      XL: |  1  2  3  4  5  6  7  8  9 10 |
---------------+-------------------------------+-----
Conjurations   | 2 3 4 |  4.0
Ice Magic      | 1 3 5 7 8 |  8.0
Fighting       | 3 6 7 |  7.9
Spellcasting   | 3 5 |  5.3
Dodging        | 3 5 |  5.9
Armour         | 2 |  2.2
Stealth        | |  2.0
Fire Magic     | |  3.9

Action                   |  1- 3 |  4- 6 |  7- 9 | 10-12 || total
-------------------------+-------+-------+-------+-------++-------
Melee: Dagger            |     6 |     7 |    35 |    10 ||    58
       Peck              |     1 |       |    10 |     2 ||    13
       Kick              |     1 |     3 |    11 |     4 ||    19
       Punch             |       |       |       |     1 ||     1
 Cast: Foxfire           |    60 |    97 |    78 |    25 ||   260
       Scorch            |       |    22 |    35 |    14 ||    71
       Frozen Ramparts   |       |     7 |    15 |     2 ||    24
Invok: Curse Item        |       |       |     4 |       ||     4
  Use: Scroll            |       |       |     5 |     1 ||     6
       Potion            |       |       |     1 |     1 ||     2
 Stab: Sleeping          |       |       |     2 |       ||     2
Armor: Robe              |     3 |     1 |    12 |       ||    16
Dodge: Dodged            |    13 |    12 |    31 |    12 ||    68
